 Dungeon Crawl Stone Soup version 0.13-a0-2719-g654be61 (webtiles) character file.

398 JacquesDerrida the Sneak (level 6, -5/32 HPs)
             Began as a Kobold Enchanter on Aug 18, 2013.
             Slain by Sigmund
             ... wielding a +1,+2 scythe of slicing
              (6 damage)
             ... on Level 4 of the Dungeon.
             The game lasted 00:09:01 (3328 turns).

JacquesDerrida the Sneak (Kobold Enchanter)         Turns: 3328, Time: 00:09:01

HP  -5/32        AC  3     Str  9      XL: 6   Next: 24%
MP   2/9         EV 15     Int 14      God:
Gold 167         SH  0     Dex 15      Spells:  3 memorised,  1 level left

Res.Fire  : + . .   See Invis. : .   h - +2 dwarf dagger (venom)
Res.Cold  : + . .   Warding    : .   b - +1 robe
Life Prot.: . . .   Conserve   : .   (no shield)
Res.Poison: +       Res.Corr.  : .   (no helmet)
Res.Elec. : +       Clarity    : .   (no cloak)
Sust.Abil.: . .     Spirit.Shd : .   (no gloves)
Res.Mut.  : .       Stasis     : .   (no boots)
Res.Rott. : .       Flight     : .   y - amulet of inaccuracy {unknown}
Saprovore : + + .                    (no ring)
                                     (no ring)

@: slightly resistant to hostile enchantments, quite stealthy
A: disease resistance, carnivore 3, saprovore 2
a: no special abilities


You were on level 4 of the Dungeon.
You were very full.

You visited 1 branch of the dungeon, and saw 4 of its levels.

You collected 147 gold pieces.

Inventory:

Hand weapons
 a - a +1,+1 dagger {=f}
 h - a +2,+2 dwarven dagger of venom (weapon)
 j - a +0,+1 dagger of holy wrath
 o - a +2,+1 dagger of electrocution
Missiles
 d - 12 darts (quivered)
Armour
 b - a +1 robe (worn)
Magical devices
 p - a wand of flame (0)
Comestibles
 f - a meat ration
 r - a pear
 u - a bread ration
 A - 3 chunks of ogre flesh
Scrolls
 g - 5 scrolls of identify {unknown}
 i - 2 scrolls of enchant weapon II {unknown}
 m - a scroll of teleportation {unknown}
 q - 2 scrolls of remove curse {unknown}
 s - a scroll of random uselessness {unknown}
 t - a scroll of recharging {unknown}
 v - a scroll of magic mapping {unknown}
Jewellery
 x - an uncursed ring of fire
 y - an amulet of inaccuracy (around neck) {unknown}
Potions
 e - a potion of paralysis
 l - a potion of curing {unknown}
 n - a potion of heal wounds {unknown}
 w - a potion of flight
 z - a potion of invisibility {unknown}
Books
 c - a book of Maledictions

   Spells                             Type                      Level
   *Corona                            Hexes                        1
   Sure Blade                         Hexes/Charms                 2
   *Ensorcelled Hibernation           Hexes/Ice                    2
   *Confuse                           Hexes                        3
   Enslavement                        Hexes                        4
   Invisibility                       Hexes                        6


   Skills:
 + Level 4.2 Short Blades
 - Level 1.3 Throwing
 - Level 2.4 Dodging
 - Level 4.9 Stealth
 - Level 1.0 Spellcasting
 + Level 4.8 Hexes


You had one spell level left.
You knew the following spells:

 Your Spells              Type           Power        Failure   Level  Hunger
a - Corona                Hex            ##.....      3%          1    ##.....
b - Ensorcelled Hibernat  Hex/Ice        #.....       17%         2    ###....
c - Confuse               Hex            ##......     12%         3    ####...


Dungeon Overview and Level Annotations

Branches:
Dungeon (4/27)
 Temple: D:4-7

Altars:
Elyvilon
Sif Muna
Vehumet

Annotations
D:3 Duvessa
D:4 Sigmund


Innate Abilities, Weirdness & Mutations

You recuperate from illness quickly.
You are small and have problems with some larger weapons.
You are carnivorous and can eat meat at any time.
You can eat rotten meat.


Message History

It hits you but does no damage.
Evoke which item? (* to show all) (? for menu, Esc to quit)
Zapping:
p - a wand of flame {zapped: 2}
Press: ? - help, Shift-Dir - straight line The puff of flame hits something.
It closely misses you.
Evoke which item? (* to show all) (? for menu, Esc to quit)
Zapping:
p - a wand of flame {zapped: 3}
Press: ? - help, Shift-Dir - straight line The puff of flame hits something.
It hits you!
Evoke which item? (* to show all) (? for menu, Esc to quit)
Zapping:
p - a wand of flame {zapped: 4}
Press: ? - help, Shift-Dir - straight line Nothing appears to happen.
It hits you!
* * * LOW HITPOINT WARNING * * *
Drink which item? (? for menu, Esc to quit)
Okay, then.
Drink which item? (? for menu, Esc to quit)
You feel protected.
It was a potion of resistance.
It hits you.
You die...

###.#.## ...# ......# #...#
....#.# #...# .##.#.##
####...####
.......###..........
.##..... ..........
###....#. ...{... ###.#.##
#...# ....#.# # #..@#
......##.# #...#######
###......# #.........#
####..#### ##..#####.#
#.....# #..#####.#
.....####### #....)##.#
#.#..# #...#####.##.##.####
.....###........#.........#
...........#####)......##.#


There were no monsters in sight!

Vanquished Creatures
  An ogre (D:4)
  Dowan (D:4)
  A worker ant (D:4)
  An adder (D:3)
  A worm (D:3)
  4 giant geckos
  2 oozes
  2 giant cockroaches (D:1)
  9 goblins
  6 hobgoblins
  13 kobolds
  2 quokkas
  3 ball pythons
  9 bats
  A giant gecko skeleton (D:4)
  12 giant newts
  7 rats
75 creatures vanquished.

Notes
Turn   | Place    | Note
--------------------------------------------------------------
     0 | D:1      | JacquesDerrida, the Kobold Enchanter, began the quest for the Orb.
     0 | D:1      | Reached XP level 1. HP: 10/10 MP: 3/3
    84 | D:1      | Reached XP level 2. HP: 10/15 MP: 4/4
   186 | D:1      | Learned a level 2 spell: Ensorcelled Hibernation
   462 | D:1      | Reached XP level 3. HP: 19/19 MP: 5/5
   885 | D:2      | Found a radiant altar of Vehumet.
  1245 | D:2      | Found a deep blue altar of Sif Muna.
  1516 | D:2      | Reached skill level 4 in Hexes
  1640 | D:2      | Reached XP level 4. HP: 16/24 MP: 7/7
  1892 | D:3      | Found a white marble altar of Elyvilon.
  2183 | D:3      | JacquesDerrida: Xe-xe
  2500 | D:3      | stonewall: Меня почему-то слегка выводит из себя твое сакраментальное хе-хе
  2535 | D:4      | JacquesDerrida: А зря!
  2620 | D:4      | Reached XP level 5. HP: 28/28 MP: 3/8
  2626 | D:4      | Learned a level 3 spell: Confuse
  2676 | D:4      | Noticed Dowan
  2703 | D:4      | Noticed Duvessa
  2708 | D:4      | Killed Dowan
  2885 | D:3      | Paralysed by a potion of paralysis for 3 turns
  3122 | D:4      | Noticed an ogre
  3140 | D:4      | Killed an ogre
  3140 | D:4      | Reached XP level 6. HP: 30/32 MP: 2/9
  3301 | D:4      | Noticed Sigmund
  3327 | D:4      | HP: 1/32 [something (4)]
  3328 | D:4      | Slain by Sigmund

Action                   |  1- 3 |  4- 6 || total
-------------------------+-------+-------++-------
Melee: Dagger            |   100 |    82 ||   182
 Cast: Ensorcelled Hiber |     2 |    10 ||    12
       Confuse           |       |     5 ||     5
Evoke: Wand              |       |     3 ||     3
  Use: Potion            |       |     3 ||     3
 Stab: Sleeping          |     8 |     8 ||    16
       Confused          |       |     1 ||     1
